 Dungeon Crawl Stone Soup version 0.30.0-29-ga12c61a403 (webtiles) character file.

Game seed: 17482001733746153136

316 ChiefBigBeans the Ducker (level 6, -2/47 HPs)
             Began as a Demonspawn Gladiator on June 21, 2023.
             Succumbed to Duvessa's poison
             ... on level 4 of the Dungeon.
             The game lasted 00:10:12 (3165 turns).

ChiefBigBeans the Ducker (Demonspawn Gladiator)     Turns: 3165, Time: 00:10:13

Health: -2/47      AC: 10    Str: 17    XL:     6   Next: 20%
Magic:  0/6        EV: 12    Int:  9    God:
Gold:   193        SH:  0    Dex: 14    Spells: 5/5 levels left

rFire   . . .        d - +4 quarterstaff (chaos)
rCold   . . .        (shield currently unavailable)
rNeg    . . .        l - +0 ring mail
rPois   .            (helmet restricted)
rElec   .            e - +1 cloak
rCorr   .            (no gloves)
SInv    .            (no boots)
Will    .....        g - amulet of guardian spirit
Stlth   +            (no ring)
HPRegen 0.27/turn    (no ring)
MPRegen 0.10/turn

%: guardian spirit
@: lethally poisoned (-2 -> -31)
A: antennae 1, slimy green scales 2, foul stench 1, talons 1, subdued magic 1
a: no special abilities


You were on level 4 of the Dungeon.
You visited 1 branch of the dungeon, and saw 4 of its levels.

You collected 193 gold pieces.

Inventory:

Hand Weapons
 a - a +0 trident
 d - a +4 quarterstaff of chaos (weapon)
 m - a +3 dagger of speed
Armour
 b - a +0 leather armour
 e - a +1 cloak (worn)
 l - a +0 ring mail (worn)
Jewellery
 g - an amulet of guardian spirit (around neck)
Scrolls
 h - a scroll of enchant armour
 k - a scroll of magic mapping {unknown}
 r - a scroll of fog
 s - 3 scrolls of teleportation
Potions
 c - a potion of magic {unknown}
 f - a potion of heal wounds {unknown}
 i - 2 potions of brilliance {unknown}


   Skills:
 + Level 3.5 Fighting
 - Level 1.8 Short Blades
 - Level 3.1(3.3) Polearms
 + Level 1.2(2.4) Staves
 - Level 2.2 Throwing
 + Level 2.0 Armour
 + Level 3.8 Dodging


You had 5 spell levels left.
You didn't know any spells.
Your spell library contained the following spells:

 Spells                   Type           Power      Damage    Failure   Level
 Call Canine Familiar     Summ           0%         N/A       89%         3
 Portal Projectile        Hex/Tloc       0%         N/A       89%         3
 Leda's Liquefaction      Hex/Erth       0%         N/A       100%        4
 Alistair's Intoxication  Tmut/Pois      0%         N/A       100%        5
 Borgnjor's Vile Clutch   Necr/Erth      0%         N/A       100%        5
 Eringya's Noxious Bog    Tmut/Pois      0%         N/A       100%        6


Dungeon Overview and Level Annotations

Branches:
Dungeon (4/15)
 Temple: D:4-7

Altars:
Vehumet

Shops:
D:1 =   D:2 =

Annotations:
D:4 Duvessa


Innate Abilities, Weirdness & Mutations

You have a pair of small antennae on your head.
You are mostly covered in slimy green scales. (AC +3)
You may rarely emit foul miasma when damaged in melee.
You have sharp toenails.
Your spells are a little easier to cast, but a little less powerful.


Message History

You finish putting on your +0 cloak.
As you read the scroll labelled HITIUQ YRUZO, it crumbles to dust.
It is a scroll of enchant armour.
Your +0 cloak glows green for a moment.
Duvessa, Sister of Dowan comes into view.
She is wielding a +2 short sword of venom.
Duvessa shouts!
Duvessa goes berserk!
Duvessa rages.
Duvessa hits you with a +2 short sword of venom.
You are poisoned.
Duvessa hits you with a +2 short sword of venom!
You are lethally poisoned!
You emit a cloud of foul miasma!
You hit Duvessa but do no damage.
Duvessa is poisoned.
You feel extremely sick.
Duvessa is engulfed in dark miasma.
Duvessa looks even sicker.
Duvessa hits you with a +2 short sword of venom.
You are more poisoned.
You are too injured to fight recklessly!
You are too injured to fight recklessly!
You feel better.
Duvessa is engulfed in dark miasma.
Duvessa looks as sick as possible!
Duvessa hits you with a +2 short sword of venom!
You are poisoned.
Duvessa is engulfed in dark miasma.
Duvessa looks as sick as possible!
Duvessa closely misses you.
You hit Duvessa. Your kick misses Duvessa.
Duvessa is moderately wounded.
You feel very sick.
Duvessa is engulfed in dark miasma.
Duvessa looks as sick as possible!
Duvessa seems to slow down.
Duvessa hits you with a +2 short sword of venom.
You are more poisoned.
Duvessa is engulfed in dark miasma.
Duvessa looks as sick as possible!
Duvessa hits you with a +2 short sword of venom!
* * * LOW HITPOINT WARNING * * *
You are more poisoned.
You completely miss Duvessa.
Duvessa is heavily wounded.
You die...

### ##.## ##...##
##.....#####
#########..........#
......e@..).)....#.#
###..##.........##.#
... #.....>...###.#
### . ##...#...##
#.###.# ##.###.##
#.##... ## ## #.#
### #...... #.# .#
#.# ####... #.# .#
#+## ##.# #.###.
##...## #.#


You could see Duvessa (berserk, extremely poisoned, slow).

Vanquished Creatures
  A black bear (D:4)
  Dowan (D:4)
  Crazy Yiuf (D:3)
  2 gnolls (D:2)
  5 adders (D:2)
  A worm (D:3)
  2 dart slugs
  6 orcs
  4 ball pythons
  3 bats
  10 endoplasms
  A giant cockroach (D:1)
  2 goblins
  7 hobgoblins
  4 jackals (D:2)
  2 kobolds
  5 quokkas
  2 frilled lizards
  8 rats
67 creatures vanquished.

Notes
Turn   | Place    | Note
-------+----------+-------------------------------------------
     0 | D:1      | ChiefBigBeans the Demonspawn Gladiator began the quest for
                  | the Orb.
     0 | D:1      | Reached XP level 1. HP: 16/16 MP: 1/1
    95 | D:1      | Gained mutation: You have a pair of small antennae on your
                  | head. [demonic ancestry]
    95 | D:1      | Reached XP level 2. HP: 22/22 MP: 2/2
   281 | D:1      | Found Cuwoxkim's Jewellery Shoppe.
   828 | D:2      | Reached XP level 3. HP: 20/28 MP: 3/3
   988 | D:2      | Found Otattoca's Jewellery Shop.
  1062 | D:2      | Gained mutation: You are partially covered in slimy green
                  | scales. (AC +2) [demonic ancestry]
  1062 | D:2      | Reached XP level 4. HP: 34/34 MP: 4/4
  1170 | D:2      | Reached skill level 1 in Short Blades
  1488 | D:2      | Gained mutation: Your spells are a little easier to cast,
                  | but a little less powerful. [potion of mutation]
  1488 | D:2      | Gained mutation: You have sharp toenails. [potion of
                  | mutation]
  1711 | D:3      | Reached skill level 1 in Armour
  1889 | D:3      | Found a faded altar of an unknown god.
  2073 | D:3      | Found a runed translucent door.
  2074 | D:3      | Noticed Crazy Yiuf
  2090 | D:3      | Killed Crazy Yiuf
  2091 | D:3      | Gained mutation: You are mostly covered in slimy green
                  | scales. (AC +3) [demonic ancestry]
  2091 | D:3      | Reached XP level 5. HP: 11/41 MP: 0/5
  2283 | D:3      | Found a radiant altar of Vehumet.
  3027 | D:4      | Noticed a black bear
  3032 | D:4      | Killed a black bear
  3033 | D:4      | Reached skill level 1 in Staves
  3135 | D:4      | Gained mutation: You may rarely emit foul miasma when
                  | damaged in melee. [demonic ancestry]
  3135 | D:4      | Reached XP level 6. HP: 45/47 MP: 6/6
  3146 | D:4      | Noticed Dowan
  3151 | D:4      | Killed Dowan
  3158 | D:4      | Noticed Duvessa
  3165 | D:4      | Succumbed to Duvessa's poison

Illustrated notes

Levels and vault maps discovered:
D:1:      erik_arrival_blinker_ship, layout_basic, serial_shops,
          nicolae_shop_competitors_out_of_business
D:2:      layout_rooms, serial_shops, shop
D:3:      mumra_celtic_spiral_tile, layout_basic, marbit_many_paths,
          hellmonk_ecumenical_altar_slurped_away, grunt_ministairs_2,
          kennysheep_path_1, uniq_crazy_yiuf_cottage
D:4:      layout_loops_corners, uniq_sigmund, uniq_blork_the_orc, uniq_grinder,
          uniq_duvessa

Skill      XL: |  1  2  3  4  5  6 |
---------------+-------------------+-----
Throwing       | 2 |  2.2
Polearms       | 3 |  3.1
Dodging        | 3 |  3.8
Short Blades   | 1 |  1.8
Armour         | 1 2 |  2.0
Fighting       | 3 |  3.5
Staves         | 1 |  1.2

Action                     |  1- 3 |  4- 6 || total
---------------------------+-------+-------++-------
  Melee: Trident           |    75 |       ||    75
         Punch             |     3 |       ||     3
         Dagger            |    22 |   108 ||   130
         Kick              |       |    15 ||    15
         Quarterstaff      |       |    24 ||    24
    Use: Scroll            |       |     7 ||     7
         Potion            |       |     5 ||     5
 Armour: Leather armour    |     7 |       ||     7
         Ring mail         |    15 |    33 ||    48
  Dodge: Dodged            |    47 |    63 ||   110
